General information
- name: trumpcard P:| L:7
- type: Custom game
- host: trumpcard
- saver: DarKNeSSCaLLsMe
map: SilverpineForest
- players: 12
- length: 52:10
- speed: Fast
- version: 1.24 W3XP
- replay type: Public
» download(544 KB)
Players
team 1 (loser)
l[V]laJiN (
brown | 157 APM | 8195 actions | 52:08)
5 Dreadlord
2 Sleep
3 Carrion Swarm
3 Death Knight
2 Death Coil
1 Unholy Aura
2 Lich
1 Frost Nova
1 Frost Armor
» actions
| Assign group hotkey | 52 | |
| Basic commands | 6 | |
| Build / train | 144 | |
| Enter build submenu | 69 | |
| Enter hero's abilities submenu | 10 | |
| Give item / drop item | 8 | |
| Remove unit from queue | 2 | |
| Right click | 2668 | |
| Select / deselect | 1037 | |
| Select group hotkey | 3945 | |
| Use ability | 254 | |
8195 total
» units
| Acolyte | 39 | |
| Ghoul | 4 | |
| Crypt Fiend | 7 | |
| Goblin Shredder | 1 | |
| Frost Wyrm | 5 | |
| Gargoyle | 11 | |
| Obsidian Statue | 1 | |
68 total
» upgrades
| Web | 1 | |
| Burrow | 1 | |
| Ghoul Frenzy | 1 | |
| Creature Attack | 3 | |
| Stone Form | 1 | |
| Destroyer Form | 1 | |
| Creature Carapace | 1 | |
9 total
» buildings
| Crypt | 6 | |
| Graveyard | 4 | |
| Altar of Darkness | 3 | |
| Ziggurat | 18 | |
| Tomb of Relics | 3 | |
| Nerubian Tower | 3 | |
| Halls of the Dead | 2 | |
| Spirit Tower | 5 | |
| Sacrificial Pit | 1 | |
| Slaughterhouse | 2 | |
| Necropolis | 6 | |
| Black Citadel | 1 | |
| Boneyard | 2 | |
56 total
» build order
00:06 Crypt
00:11 Graveyard
00:42 Altar of Darkness
00:57 Ziggurat
01:28 Tomb of Relics
02:00 Ziggurat
03:42 Ziggurat
04:36 Nerubian Tower
05:35 Halls of the Dead
05:45 Crypt
05:46 Crypt
05:58 Ziggurat
06:52 Spirit Tower
06:54 Ziggurat
07:55 Spirit Tower
08:16 Sacrificial Pit
08:18 Slaughterhouse
09:30 Necropolis
10:21 Black Citadel
10:27 Ziggurat
10:31 Ziggurat
11:20 Nerubian Tower
11:22 Spirit Tower
11:29 Crypt
11:31 Spirit Tower
11:32 Nerubian Tower
11:52 Ziggurat
13:11 Boneyard
14:25 Boneyard
14:47 Graveyard
17:27 Altar of Darkness
18:09 Graveyard
18:12 Ziggurat
23:17 Tomb of Relics
23:21 Ziggurat
23:22 Ziggurat
23:44 Spirit Tower
25:36 Ziggurat
25:37 Ziggurat
26:14 Necropolis
30:08 Ziggurat
30:10 Ziggurat
33:46 Necropolis
34:14 Necropolis
36:47 Ziggurat
38:05 Altar of Darkness
40:29 Ziggurat
44:04 Halls of the Dead
46:21 Necropolis
46:52 Tomb of Relics
46:55 Crypt
47:52 Graveyard
48:19 Crypt
50:05 Necropolis
50:11 Ziggurat
50:18 Slaughterhouse
» items
| Rod of Necromancy | 2 | |
| Sacrificial Skull | 2 | |
| Khadgar's Gem of Health | 2 | |
| Boots of Speed | 2 | |
| Periapt of Vitality | 3 | |
| Scroll of Healing | 8 | |
| Potion of Lesser Invulnerability | 4 | |
| Ring of Protection +4 | 1 | |
| Orb of Corruption | 2 | |
| Potion of Healing | 1 | |
| Scroll of Town Portal | 9 | |
| Staff of Teleportation | 1 | |
| Talisman of Evasion | 1 | |
| Medallion of Courage | 1 | |
| Staff of Silence | 1 | |
40 total
team 2 (loser)
FiRel)rAgOn (
dark-green | 74 APM | 3843 actions | 52:07)
7 Demon Hunter
1 Immolation
3 Evasion
2 Mana Burn
1 Metamorphosis
6 Keeper of the Grove
3 Entangling Roots
1 Force of Nature
1 Thorns Aura
1 Tranquility
4 Priestess of the Moon
2 Trueshot Aura
2 Scout
» actions
| Assign group hotkey | 42 | |
| Basic commands | 42 | |
| Build / train | 145 | |
| Enter build submenu | 30 | |
| Enter hero's abilities submenu | 17 | |
| Give item / drop item | 10 | |
| Remove unit from queue | 13 | |
| Right click | 1598 | |
| Select / deselect | 690 | |
| Select group hotkey | 1049 | |
| Use ability | 207 | |
3843 total
» units
| Wisp | 41 | |
| Archer | 6 | |
| Druid of the Talon | 7 | |
| Chimaera | 12 | |
| Hippogryph | 5 | |
71 total
» upgrades
| Strength of the Wild | 3 | |
| Reinforced Hides | 3 | |
| Ultravision | 1 | |
| Druid of the Talon Training | 2 | |
| Well Spring | 1 | |
| Corrosive Breath | 1 | |
| Mark of the Talon | 1 | |
| Nature's Blessing | 1 | |
13 total
» buildings
| Altar of Elders | 1 | |
| Moon Well | 8 | |
| Ancient of War | 1 | |
| Tree of Ages | 1 | |
| Tree of Life | 6 | |
| Hunter's Hall | 1 | |
| Ancient of Wind | 3 | |
| Ancient of Wonders | 1 | |
| Tree of Eternity | 1 | |
| Ancient Protector | 6 | |
| Chimaera Roost | 2 | |
31 total
» build order
00:18 Altar of Elders
00:33 Moon Well
01:02 Ancient of War
01:17 Moon Well
02:14 Moon Well
02:57 Tree of Ages
03:30 Tree of Life
04:26 Hunter's Hall
04:31 Moon Well
05:52 Ancient of Wind
06:37 Ancient of Wonders
06:52 Tree of Eternity
07:50 Ancient Protector
09:19 Ancient Protector
09:40 Chimaera Roost
09:44 Chimaera Roost
09:59 Moon Well
10:02 Ancient of Wind
11:33 Moon Well
12:53 Ancient of Wind
14:21 Tree of Life
19:02 Moon Well
19:06 Moon Well
26:52 Tree of Life
32:09 Ancient Protector
32:10 Ancient Protector
32:11 Ancient Protector
32:12 Ancient Protector
33:11 Tree of Life
35:33 Tree of Life
39:02 Tree of Life
» items
| Circlet of Nobility | 1 | |
| Scroll of Town Portal | 10 | |
| Orb of Venom | 1 | |
| Staff of Preservation | 1 | |
| Anti-magic Potion | 3 | |
| Potion of Lesser Invulnerability | 1 | |
| Scroll of Protection | 3 | |
| Khadgar's Gem of Health | 1 | |
| Legion Doom-Horn | 1 | |
| Scroll of Healing | 2 | |
| Potion of Healing | 1 | |
| Boots of Speed | 1 | |
26 total
team 3 (winner)
DarKNeSSCaLLsMe (
blue | 249 APM | 12973 actions | 52:10)
8 Dark Ranger
2 Black Arrow
3 Silence
1 Charm
2 Life Drain
7 Tauren Chieftain
3 War Stomp
3 Endurance Aura
1 Reincarnation
7 Shadow Hunter
3 Healing Wave
3 Hex
1 Big Bad Voodoo
» actions
| Assign group hotkey | 96 | |
| Basic commands | 268 | |
| Build / train | 186 | |
| ESC pressed | 7 | |
| Enter build submenu | 43 | |
| Enter hero's abilities submenu | 22 | |
| Give item / drop item | 13 | |
| Right click | 5165 | |
| Select / deselect | 2108 | |
| Select group hotkey | 4461 | |
| Use ability | 604 | |
12973 total
» units
| Peon | 34 | |
| Troll Headhunter/Berserker | 5 | |
| Goblin Shredder | 4 | |
| Troll Witch Doctor | 12 | |
| Shaman | 10 | |
| Tauren | 4 | |
| Wind Rider | 11 | |
| Spirit Walker | 3 | |
| Troll Batrider | 19 | |
| Kodo Beast | 1 | |
103 total
» upgrades
| Shaman Training | 2 | |
| Witch Doctor Training | 2 | |
| Reinforced Defenses | 1 | |
| Envenomed Spears | 1 | |
| Spirit Walker Training | 3 | |
| Pulverize | 1 | |
| Ranged Weapons | 3 | |
| Armor | 3 | |
| Liquid Fire | 1 | |
| Melee Weapons | 2 | |
| War Drums Damage Increase | 1 | |
| Pillage | 1 | |
21 total
» buildings
| Orc Burrow | 10 | |
| War Mill | 2 | |
| Barracks | 1 | |
| Altar of Storms | 1 | |
| Stronghold | 1 | |
| Great Hall | 8 | |
| Watch Tower | 11 | |
| Voodoo Lounge | 1 | |
| Fortress | 1 | |
| Spirit Lodge | 3 | |
| Beastiary | 5 | |
| Tauren Totem | 2 | |
46 total
» build order
00:13 Orc Burrow
00:34 War Mill
00:50 Barracks
01:20 Altar of Storms
01:33 Orc Burrow
03:06 Stronghold
03:51 Orc Burrow
04:45 Great Hall
04:47 Watch Tower
04:49 Watch Tower
06:12 Watch Tower
06:14 Watch Tower
06:32 Voodoo Lounge
07:09 Fortress
07:44 Spirit Lodge
08:05 Spirit Lodge
08:38 Watch Tower
09:11 Beastiary
09:56 Great Hall
10:04 Great Hall
10:44 War Mill
11:05 Orc Burrow
11:06 Orc Burrow
11:07 Orc Burrow
11:31 Tauren Totem
12:12 Beastiary
18:21 Beastiary
18:36 Orc Burrow
21:15 Beastiary
24:21 Great Hall
27:02 Beastiary
28:04 Orc Burrow
28:09 Orc Burrow
29:01 Orc Burrow
30:02 Watch Tower
30:02 Watch Tower
30:03 Watch Tower
30:09 Watch Tower
30:10 Watch Tower
30:10 Watch Tower
30:49 Tauren Totem
36:22 Great Hall
37:42 Great Hall
41:23 Spirit Lodge
43:00 Great Hall
48:18 Great Hall
» items
| Pendant of Energy | 1 | |
| Healing Salve | 1 | |
| Scroll of Town Portal | 7 | |
| Lesser Clarity Potion | 4 | |
| Orb of Lightning | 1 | |
| Boots of Speed | 1 | |
| Periapt of Vitality | 6 | |
| Potion of Healing | 1 | |
| Khadgar's Pipe of Insight | 1 | |
| Legion Doom-Horn | 1 | |
| Potion of Mana | 2 | |
| Scroll of Protection | 2 | |
| Scroll of Healing | 2 | |
| Potion of Lesser Invulnerability | 1 | |
| Tiny Great Hall | 1 | |
32 total
team 4 (loser)
AllDayeveryday. (
yellow | 273 APM | 7234 actions | 26:28)
5 Death Knight
3 Death Coil
2 Unholy Aura
4 Lich
2 Frost Nova
2 Dark Ritual
2 Dreadlord
1 Sleep
1 Carrion Swarm
» actions
| Assign group hotkey | 753 | |
| Basic commands | 296 | |
| Build / train | 114 | |
| ESC pressed | 11 | |
| Enter build submenu | 33 | |
| Enter hero's abilities submenu | 12 | |
| Give item / drop item | 4 | |
| Remove unit from queue | 2 | |
| Right click | 2391 | |
| Select / deselect | 844 | |
| Select group hotkey | 2484 | |
| Use ability | 290 | |
7234 total
» units
| Acolyte | 21 | |
| Ghoul | 5 | |
| Crypt Fiend | 8 | |
| Goblin Shredder | 1 | |
| Obsidian Statue | 3 | |
| Frost Wyrm | 8 | |
| Gargoyle | 3 | |
49 total
» upgrades
| Creature Attack | 3 | |
| Creature Carapace | 3 | |
| Burrow | 1 | |
| Web | 1 | |
| Destroyer Form | 1 | |
| Freezing Breath | 1 | |
10 total
» buildings
| Crypt | 2 | |
| Graveyard | 1 | |
| Altar of Darkness | 2 | |
| Ziggurat | 9 | |
| Tomb of Relics | 2 | |
| Necropolis | 3 | |
| Halls of the Dead | 4 | |
| Black Citadel | 2 | |
| Sacrificial Pit | 1 | |
| Slaughterhouse | 2 | |
| Boneyard | 2 | |
| Spirit Tower | 2 | |
32 total
» build order
00:07 Crypt
00:14 Graveyard
00:41 Altar of Darkness
00:44 Altar of Darkness
01:00 Ziggurat
01:32 Tomb of Relics
02:05 Ziggurat
03:54 Necropolis
04:34 Halls of the Dead
04:34 Halls of the Dead
04:34 Halls of the Dead
04:34 Halls of the Dead
05:16 Ziggurat
06:20 Ziggurat
07:45 Black Citadel
07:45 Black Citadel
08:03 Sacrificial Pit
08:31 Necropolis
09:20 Slaughterhouse
10:16 Boneyard
10:49 Crypt
10:51 Ziggurat
10:54 Spirit Tower
13:08 Boneyard
14:52 Ziggurat
15:41 Necropolis
19:57 Ziggurat
20:33 Ziggurat
22:56 Tomb of Relics
24:19 Slaughterhouse
24:26 Ziggurat
» items
| Rod of Necromancy | 3 | |
| Amulet of Spell Shield | 1 | |
| Orb of Corruption | 1 | |
| Scroll of Healing | 7 | |
| Pendant of Mana | 1 | |
| Khadgar's Gem of Health | 1 | |
| Potion of Healing | 1 | |
| Potion of Mana | 1 | |
| Scroll of Town Portal | 2 | |
| Scroll of Protection | 1 | |
19 total
observerstrumpcard,
Slythe,
ugrilainen,
JumpToad,
daselend,
Nline,
Sakura[GGL],
lovetrance Chat log
(00:49 / All) AllDayeveryday.: gl hf
(00:53 / All) DarKNeSSCaLLsMe: u2
(01:06 / All) l[V]laJiN: wut about me
(01:11 / All) DarKNeSSCaLLsMe: u2
(01:18 / All) AllDayeveryday.: u4
(01:24 / All) l[V]laJiN: dont say it if u dont really mean it
(01:41 / All) AllDayeveryday.: but we mean it !
(10:02 / All) l[V]laJiN: spell shiled
(10:03 / All) l[V]laJiN: nice
(10:09 / All) AllDayeveryday.: yeah bought it
(11:13 / All) l[V]laJiN: u got a friend in me
(12:12 / All) FiRel)rAgOn: go away
(12:18 / All) AllDayeveryday.: u go away
(12:39 / All) FiRel)rAgOn: :)
(20:01 / All) DarKNeSSCaLLsMe: spikes?
(20:07 / All) DarKNeSSCaLLsMe: prob just me again
(20:49 / All) l[V]laJiN: holly shit
(21:13 / All) l[V]laJiN: i lost
(21:17 / All) FiRel)rAgOn: he owning mew
(21:20 / All) l[V]laJiN: lo..
(21:24 / All) DarKNeSSCaLLsMe: im busy at the moment
(21:26 / All) DarKNeSSCaLLsMe: with a raging undead
(22:11 / All) FiRel)rAgOn: wanna keep
(22:29 / All) FiRel)rAgOn: wana keep going or?
(22:32 / All) l[V]laJiN: lets
(22:34 / All) l[V]laJiN: see
(22:36 / All) l[V]laJiN: wut they doign?
(22:54 / All) FiRel)rAgOn: k
(25:25 / All) l[V]laJiN: i lost
(26:25 / All) FiRel)rAgOn: hit brown
(26:27 / All) l[V]laJiN: lol
(26:30 / All) l[V]laJiN: im nearly ded
(26:35 / All) l[V]laJiN: now dg
(26:37 / All) l[V]laJiN: u got a chice
(26:48 / All) l[V]laJiN: u can suicdei u
(26:49 / All) l[V]laJiN: if
(26:53 / All) l[V]laJiN: u keep at it
(26:58 / All) l[V]laJiN: understand?
(27:02 / All) FiRel)rAgOn: ?
(27:11 / All) DarKNeSSCaLLsMe: who killed all my expo peons lol
(27:15 / All) DarKNeSSCaLLsMe: while i was busy
(27:21 / All) FiRel)rAgOn: not meh
(27:24 / All) DarKNeSSCaLLsMe: i see
(27:24 / All) FiRel)rAgOn: im hiding
(27:42 / All) DarKNeSSCaLLsMe: im pretty gold fucked
(27:45 / All) DarKNeSSCaLLsMe: he 100ed me
(27:49 / All) l[V]laJiN: same
(28:21 / All) l[V]laJiN: im ded
(28:24 / All) l[V]laJiN: in a min or 2
(28:26 / All) DarKNeSSCaLLsMe: ??
(28:29 / All) DarKNeSSCaLLsMe: i thought FD was hiding
(29:34 / All) l[V]laJiN: yo dark
(29:35 / All) l[V]laJiN: get
(29:35 / All) DarKNeSSCaLLsMe: yo
(29:37 / All) l[V]laJiN: on fs
(29:39 / All) l[V]laJiN: fd
(29:40 / All) l[V]laJiN: now
(29:44 / All) DarKNeSSCaLLsMe: need to change army
(29:46 / All) DarKNeSSCaLLsMe: i had anti UD
(30:12 / All) FiRel)rAgOn: yes bwon is pumping and get on me lol
(31:51 / All) DarKNeSSCaLLsMe: go now
(32:02 / All) FiRel)rAgOn: wow lawl
(32:12 / All) l[V]laJiN: hurry dark
(32:16 / All) DarKNeSSCaLLsMe: he just hit me...
(32:46 / All) l[V]laJiN: dont
(32:49 / All) DarKNeSSCaLLsMe: auto..
(34:29 / All) l[V]laJiN: se fd
(34:36 / All) l[V]laJiN: u fool
(34:39 / All) l[V]laJiN: u needed me
(34:55 / All) FiRel)rAgOn: sry im not a noob teamer like the rest of you
(35:02 / All) l[V]laJiN: ur an idiot
(35:14 / All) FiRel)rAgOn: and you are rebuilt
(36:30 / All) l[V]laJiN: w
(36:32 / All) l[V]laJiN: wut a fool
(37:30 / All) l[V]laJiN: darkness
(37:34 / All) l[V]laJiN: just destroy this noob
(37:36 / All) l[V]laJiN: ill help1
(37:55 / All) FiRel)rAgOn: lol he such a maniipper
(38:52 / All) DarKNeSSCaLLsMe: k wtf
(38:57 / All) DarKNeSSCaLLsMe: units wont respond to commands
(39:12 / All) DarKNeSSCaLLsMe: im like out of gold
(39:14 / All) DarKNeSSCaLLsMe: so do something majin
(39:19 / All) DarKNeSSCaLLsMe: help my main
(39:29 / All) l[V]laJiN: brt
(39:42 / All) DarKNeSSCaLLsMe: hit him
(39:45 / All) l[V]laJiN: did
(39:46 / All) l[V]laJiN: no expo
(40:55 / All) FiRel)rAgOn: wow protecting each other
(41:01 / All) DarKNeSSCaLLsMe: then get off my ass
(41:06 / All) DarKNeSSCaLLsMe: im a broke orc
(41:07 / All) DarKNeSSCaLLsMe: =((
(41:45 / All) l[V]laJiN: lost lcih
(43:39 / All) l[V]laJiN: LOL
(43:42 / All) l[V]laJiN: mislcik
(43:44 / All) l[V]laJiN: :P
(43:47 / All) DarKNeSSCaLLsMe: fed him some more?
(43:51 / All) l[V]laJiN: yea some
(43:55 / All) FiRel)rAgOn: no he made me tp
(44:24 / All) FiRel)rAgOn: get brown
(44:31 / All) l[V]laJiN: hadly
(44:38 / All) l[V]laJiN: english slang for hardly
(44:55 / All) l[V]laJiN: hes got expo
(44:57 / All) l[V]laJiN: north
(44:59 / All) DarKNeSSCaLLsMe: k
(45:01 / All) l[V]laJiN: east
(45:02 / All) FiRel)rAgOn: you have expo
(45:03 / All) DarKNeSSCaLLsMe: ?
(45:12 / All) l[V]laJiN: i have no buildings,...
(46:11 / All) FiRel)rAgOn: fuuuk
(47:02 / All) FiRel)rAgOn: brow has $$
(47:13 / All) l[V]laJiN: u manip w/ the best
(47:13 / All) DarKNeSSCaLLsMe: i dont see his hiden base
(47:14 / All) l[V]laJiN: ...
(47:15 / All) DarKNeSSCaLLsMe: does he have one
(47:17 / All) DarKNeSSCaLLsMe: lol
(47:21 / All) l[V]laJiN: obv not
(47:26 / All) l[V]laJiN: hes been lying all game
(47:31 / All) l[V]laJiN: thats why im suiciding hium
(47:33 / All) FiRel)rAgOn: about!?
(47:58 / All) DarKNeSSCaLLsMe: llo
(48:09 / All) DarKNeSSCaLLsMe: gogo
(48:49 / All) l[V]laJiN: hes expoing
(48:51 / All) l[V]laJiN: north
(48:52 / All) l[V]laJiN: east
(48:53 / All) DarKNeSSCaLLsMe: im on the move again
(48:53 / All) l[V]laJiN: w/ main tree
(50:31 / All) FiRel)rAgOn: nice to have friends eh1?
(50:37 / All) FiRel)rAgOn: oh and $$ for bats :)
(50:39 / All) l[V]laJiN: u made ur choice
(50:41 / All) DarKNeSSCaLLsMe: ^^
(51:03 / All) FiRel)rAgOn: brown u just mad you got stopmed so yeah lol
(51:08 / All) FiRel)rAgOn: l2 lose
(51:12 / All) l[V]laJiN: sure u went 100 on m,e
(51:16 / All) l[V]laJiN: and now i made u lose
(51:21 / All) l[V]laJiN: for being ultimately dumb
(51:29 / All) FiRel)rAgOn: u actually didnt do much lol
(51:43 / All) FiRel)rAgOn: other than coordinate hits
(51:47 / All) FiRel)rAgOn: with each other
(52:01 / All) FiRel)rAgOn: have fun with your 3rd place